 Dungeon Crawl Stone Soup version 0.17-a0-1651-gae1a69f (webtiles) character file.

127 shakdrar the Magician (level 4, -8/24 HPs)
             Began as a Deep Elf Fire Elementalist on Aug 14, 2015.
             Mangled by a scorpion (10 damage)
             ... on level 4 of the Dungeon.
             The game lasted 00:34:45 (3502 turns).

shakdrar the Magician (Deep Elf Fire Elementalist)  Turns: 3502, Time: 00:34:45

Health: -8/24      AC:  8    Str:  5    XL:     4   Next: 85%
Magic:  2/13       EV: 13    Int: 21    God:
Gold:   168        SH:  0    Dex: 15    Spells: 4 memorised, 4 levels left

rFire  . . .     SeeInvis .     o - +0 dagger (speed)
rCold  . . .     Clarity  .     a - +0 robe
rNeg   + . .     SustAt   .     (no shield)
rPois  .         Gourm    .     m - +2 helmet
rElec  .         Spirit   .     k - +1 cloak
rCorr  .         Warding  .     e - +0 pair of gloves
rMut   .         Stasis   .     (no boots)
MR     .....                    (no amulet)
Stlth  ++........               (no ring)
                                d - ring of positive energy

@: lethally poisoned (-8 -> -14), not resistant to hostile enchantments,
unstealthy
A: no striking features
a: no special abilities


You were on level 4 of the Dungeon.
You were not hungry.

You visited 1 branch of the dungeon, and saw 4 of its levels.

You collected 168 gold pieces.

Inventory:

Hand weapons
 i - a +0 hunting sling
 o - a +0 dagger of speed (weapon)
Missiles
 n - 92 stones (quivered)
Armour
 a - a +0 robe (worn)
 e - a +0 pair of gloves (worn)
 k - a +1 cloak (worn)
 m - a +2 helmet (worn)
Jewellery
 d - a ring of positive energy (left hand)
Scrolls
 f - 2 scrolls of fear
 j - 2 scrolls of remove curse
Books
 b - a book of Flames

   Spells                             Type                      Level
   a - Flame Tongue                   Conjuration/Fire             1
   b - Throw Flame                    Conjuration/Fire             2
   c - Conjure Flame                  Conjuration/Fire             3
   d - Inner Flame                    Hexes/Fire                   3
   e - Sticky Flame                   Conjuration/Fire             4
   f - Fireball                       Conjuration/Fire             5
Comestibles
 c - 3 bread rations
 g - a royal jelly


   Skills:
 - Level 2.7 Dodging
 - Level 2.4 Stealth
 * Level 5.4 Spellcasting
 - Level 1.1 Conjurations
 + Level 4.6 Fire Magic


You had 4 spell levels left.
You knew the following spells:

 Your Spells              Type           Power        Failure   Level  Hunger
a - Flame Tongue          Conj/Fire      ###..        3%          1    None
b - Conjure Flame         Conj/Fire      ###.....     12%         3    ##.....
c - Throw Flame           Conj/Fire      ###...       6%          2    None
d - Inner Flame           Hex/Fire       ###.....     14%         3    ##.....


Dungeon Overview and Level Annotations

Branches:
Dungeon (4/15)
 Temple: D:4-7

Altars:


Message History

Your magical contamination has completely faded away.
You hit the scorpion but do no damage.
The scorpion is severely wounded.
You hit the scorpion.
The scorpion is severely wounded.
The scorpion stings you.
* * * LOW HITPOINT WARNING * * *
You are lethally poisoned!
The scorpion poisons you!
You hit the scorpion.
The scorpion is almost dead.
* * * LOW HITPOINT WARNING * * *
You feel sick. The scorpion completely misses you.
You closely miss the scorpion.
The scorpion is severely wounded.
You hit the scorpion but do no damage.
The scorpion is severely wounded.
* * * LOW HITPOINT WARNING * * *
You feel sick. The scorpion stings you!
You die...

. r. #.. #.%
#..########
#.........##
##.(.....s@#
########..#
##.# #[.#
#..# ..##
###


You could see a scorpion.

Vanquished Creatures
  A worker ant (D:3)
  Robin (D:2)
  2 adders (D:2)
  An ooze (D:2)
  2 worms (D:3)
  4 giant geckos
  2 orcs (D:3)
  2 ball pythons
  8 bats
  3 giant cockroaches
  13 goblins
  9 hobgoblins
  5 giant newts
  2 jackals (D:3)
  5 kobolds
  2 quokkas
  4 rats
66 creatures vanquished.

Notes
Turn   | Place    | Note
--------------------------------------------------------------
     0 | D:1      | shakdrar the Deep Elf Fire Elementalist began the quest for the Orb.
     0 | D:1      | Reached XP level 1. HP: 10/10 MP: 6/6
   265 | D:1      | Reached XP level 2. HP: 15/15 MP: 6/8
  1048 | D:2      | Reached skill level 4 in Spellcasting
  1048 | D:2      | Reached XP level 3. HP: 19/19 MP: 2/10
  1367 | D:2      | Learned a level 3 spell: Conjure Flame
  1440 | D:2      | Noticed Robin
  1591 | D:3      | Learned a level 2 spell: Throw Flame
  1651 | D:4      | Noticed a slave
  2039 | D:4      | Noticed a scorpion
  2369 | D:3      | Reached XP level 4. HP: 24/24 MP: 1/12
  2779 | D:3      | Reached skill level 5 in Spellcasting
  2942 | D:3      | Learned a level 3 spell: Inner Flame
  3332 | D:2      | Killed Robin
  3502 | D:4      | Mangled by a scorpion

Vault maps used:
D:1:      tarquinn_simple_flora_water_d
D:2:      uniq_jessica, uniq_robin
D:3:      first_bread
D:4:      elyvilon_altar_4, minitemple, kennysheep_mini, serial_shops,
          nicolae_shop_trees, uniq_pikel

Action                   |  1- 3 |  4- 6 || total
-------------------------+-------+-------++-------
Melee: Dagger            |       |    19 ||    19
 Fire: Hunting sling     |    12 |    18 ||    30
 Cast: Flame Tongue      |    47 |       ||    47
       Throw Flame       |    23 |    42 ||    65
       Conjure Flame     |       |     3 ||     3
  Use: Scroll            |     8 |     3 ||    11
       Potion            |     5 |     1 ||     6
  Eat: Meat ration       |     1 |       ||     1
       Beef jerky        |     1 |       ||     1
       Chunk             |     1 |       ||     1
       Bread ration      |       |     1 ||     1
